AoeStats
← Tomato

Arena

509638936Analyzed
4v4 RM · 4d ago on Sep 27, 2026· 37m 54s· 8 players
Game mode
Random Map
Map size
Large (8 player)
Population
200
Speed
Normal
Resources
Standard
Victory
Conquest
Starting age
Dark Age
Ending age
Imperial Age
RankedLock teamsTeams togetherTeam positionsShared explorationLock speedFull tech treeHidden civsTurbo modeCheats
Victory
Defeat
🇳🇱 Danes · Netherlands
1394
+14
🇧🇷 Malay · Brazil
1393
+14
🇸🇰 Varangians · Slovakia
1361
+16
🇧🇷 Franks · Brazil
1276
+19
🇹🇼 Aztecs · Taiwan
1391
-17
1378
-17
🇦🇺 Bohemians · Australia
1344
-15
🇨🇳 Magyars · China
1307
-14
Sandy Cohen
10:13 Feudal Age
12:14 Loom
14:51 Castle Age
14:23 Double-Bit Axe
14:20 Horse Collar
15:48 Heavy Plow
16:17 Bow Saw
20:07 Wheelbarrow
21:44 Hand Cart
23:21 Town Watch
还是从前那个少年
10:38 Feudal Age
11:47 Double-Bit Axe
14:29 Castle Age
12:30 Horse Collar
15:31 Bow Saw
18:20 Loom
21:20 Fletching
23:19 Wheelbarrow
24:33 Bodkin Arrow
24:35 Gold Mining
29:21 Imperial Age
27:42 Gold Shaft Mining
27:44 Ballistics
27:05 Treadmill Crane
27:27 Padded Archer Armor
28:32 Yeomen
29:15 Hand Cart
28:45 Town Watch
29:16 Leather Archer Armor
29:44 Stone Mining
30:27 Conscription
30:31 Bracer
31:33 Chemistry
31:54 Ring Archer Armor
31:43 Siege Engineers
32:33 Elite Longbowman
33:47 Fortified Wall
34:30 Hoardings
33:56 Onager
35:49 Two-Man Saw
34:52 Heavy Plow
35:40 Scale Mail Armor
35:51 Forging
36:03 Masonry
35:37 Pikeman
36:17 Squires
36:03 Arson
36:09 Halberdier
37:26 Guard Tower
38:07 Architecture
荒野一條蟲
10:41 Feudal Age
12:56 Double-Bit Axe
12:52 Horse Collar
14:46 Gold Mining
15:17 Loom
17:58 Castle Age
19:42 Bow Saw
22:38 Imperial Age
21:20 Stone Mining
只想搞事
10:33 Feudal Age
14:30 Castle Age
12:47 Double-Bit Axe
15:15 Horse Collar
20:29 Bow Saw
20:39 Heavy Plow
25:08 Wheelbarrow
27:37 Imperial Age
26:16 Scale Mail Armor
26:22 Scale Barding Armor
27:06 Bloodlines
26:57 Husbandry
26:50 Gold Mining
28:16 Chain Barding Armor
27:44 Cavalier
29:45 Gold Shaft Mining
30:44 Plate Barding Armor
30:40 Paladin
Tomato
11:35 Feudal Age
13:02 Double-Bit Axe
16:29 Castle Age
16:21 Scale Mail Armor
17:49 Bow Saw
19:03 Wheelbarrow
19:01 Loom
19:07 Horse Collar
19:55 Heavy Plow
21:00 Gold Mining
22:04 Gambesons
23:16 Chain Mail Armor
23:17 Hamask
24:22 Forging
26:20 Iron Casting
26:35 Squires
26:27 Arson
27:06 Town Watch
32:04 Imperial Age
29:54 Hand Cart
33:17 Plate Mail Armor
33:48 Blast Furnace
32:22 Elite Jomsviking
32:30 Capped Ram
34:39 Conscription
34:02 Siege Ram
36:08 Gold Shaft Mining
35:24 Stone Mining
35:54 Stone Mining
*DeeDee*
4:22 Loom
10:58 Feudal Age
15:47 Castle Age
15:08 Horse Collar
16:52 Double-Bit Axe
26:12 Scale Barding Armor
26:18 Forging
29:07 Wheelbarrow
28:19 Town Watch
29:24 Iron Casting
29:09 Chain Barding Armor
29:22 Bloodlines
29:12 Husbandry
30:18 Bow Saw
30:09 Heavy Plow
30:00 Gold Mining
32:54 Hand Cart
35:56 Imperial Age
37:14 Plate Barding Armor
37:39 Blast Furnace
36:01 Cavalier
37:52 Two-Man Saw
37:25 Crop Rotation
antoniomarcial
10:33 Feudal Age
14:43 Castle Age
13:00 Double-Bit Axe
14:01 Stone Mining
16:23 Bow Saw
26:03 Wheelbarrow
26:57 Loom
30:58 Imperial Age
28:56 Scale Barding Armor
29:03 Forging
30:50 Chain Barding Armor
31:06 Iron Casting
30:48 Husbandry
32:02 Hand Cart
31:39 Cavalier
32:54 Gold Mining
34:38 Gold Shaft Mining
35:05 Plate Barding Armor
35:28 Paladin
38:13 Blast Furnace
Mateus Viana
11:18 Feudal Age
15:52 Castle Age
14:11 Horse Collar
14:34 Double-Bit Axe
16:13 Bow Saw
16:10 Heavy Plow
19:45 Loom
21:49 Wheelbarrow
22:19 Loom
28:18 Imperial Age
26:27 Gold Mining
27:25 Forging
27:31 Stone Mining
27:48 Man-at-Arms
28:03 Pikeman
28:44 Squires
29:20 Iron Casting
29:21 Halberdier
29:21 Long Swordsman
29:31 Light Cavalry
30:12 Husbandry
31:21 Blast Furnace
30:18 Elite Battle Elephant
31:05 Scale Barding Armor
31:34 Hand Cart
34:59 Chemistry
34:20 Ballistics
33:41 Treadmill Crane
33:57 Arson
35:28 Siege Engineers
35:47 Ballistics
35:08 Treadmill Crane
Connection lost

Rejoining the realm…

Still unreachable

The connection could not be restored.

Session expired

The server has moved on; the page needs a fresh start.